 Dungeon Crawl Stone Soup version 0.30.1-11-g7821555f0a (webtiles) character file.

Game seed: 16078308730695654807

8 Kritake the Twirler (level 2, -17/19 HPs)
             Began as a Human Wanderer on Jan 7, 2024.
             Killed by an exploding orc (20 damage)
             ... ignited by their inner flame
             ... on level 3 of the Dungeon.
             The game lasted 00:11:08 (302 turns).

Kritake the Twirler (Human Wanderer)                 Turns: 302, Time: 00:11:12

Health: -17/19     AC:  5    Str: 14    XL:     2   Next: 15%
Magic:  2/2        EV: 12    Int:  9    God:
Gold:   35         SH:  0    Dex: 13    Spells: 1/1 levels left

rFire   . . .        a - +0 quarterstaff
rCold   . . .        (shield currently unavailable)
rNeg    . . .        b - +2 leather armour
rPois   .            (no helmet)
rElec   .            (no cloak)
rCorr   .            (no gloves)
SInv    .            (no boots)
Will    .....        (no amulet)
Stlth   +            (no ring)
HPRegen 0.23/turn    (no ring)
MPRegen 0.08/turn

%: no passive effects
@: no status effects
A: no striking features
a: no special abilities


You were on level 3 of the Dungeon.
You visited 1 branch of the dungeon, and saw 3 of its levels.

You collected 35 gold pieces.

Inventory:

Hand Weapons
 a - a +0 quarterstaff (weapon)
 d - a +0 dagger
 g - a +0 whip
 i - a +0 dagger
Armour
 b - a +2 leather armour (worn)
Scrolls
 e - a scroll of identify {unknown}
 j - a scroll of vulnerability {unknown}
Potions
 h - 2 potions of curing {unknown}
 k - 2 potions of brilliance {unknown}
Miscellaneous
 c - a piece from Xom's chessboard (15/15) (quivered)


   Skills:
 + Level 4.3 Staves
 + Level 1.0 Armour
 + Level 3.1 Dodging
 + Level 2.0 Evocations


You had one spell level left.
You didn't know any spells.
Your spell library was empty.

Dungeon Overview and Level Annotations

Branches:
Dungeon (3/15)

Altars:
Sif Muna


Message History

Sorry, I don't know how to traverse that place.
Really walk into that dispersal trap? [Y]es or [N]o only, please.
Really walk into that dispersal trap? [Y]es or [N]o only, please.
Really walk into that dispersal trap? [Y]es or [N]o only, please.
Really walk into that dispersal trap? [Y]es or [N]o only, please.
Really walk into that dispersal trap? [Y]es or [N]o only, please.
Really walk into that dispersal trap?
You enter a dispersal trap!
You blink.
There are no items here.
Okay, then.
Read: scroll of immolation
Press: ? - help, Q - select action, (/) - cycle Dir - look around, f - activate Look: an orc, wielding a +0 short sword and wearing a +2 chain mail of cold resistance (susceptible)
As you read the scroll of immolation, it crumbles to dust.
The creatures around you are filled with an inner flame!
You hit the orc but do no damage. The orc hits you with a +0 short sword.
You hit the orc but do no damage. The orc hits you but does no damage.
You hit the orc but do no damage. The orc barely misses you.
You closely miss the orc. The orc hits you with a +0 short sword.
* * * LOW HITPOINT WARNING * * *
You closely miss the orc. The orc closely misses you.
You barely miss the orc.
The orc wizard mumbles some strange words.
The orc wizard flickers and vanishes!
Deactivating autopickup; reactivate with Ctrl-A.
The orc hits you with a +0 short sword.
* * * LOW HITPOINT WARNING * * *
The orc completely misses you.
You hit the orc.
Flame seeps out of the orc.
The orc is lightly wounded.
The orc is engulfed in blazing flames.
The orc explodes!
The fiery explosion engulfs you!!
Ouch! That really hurt!
You die...

#.#..........##
#.#.#....<...##
##.#.######....#
#....#.........#
########.###.#.#
## #.###.#.# .
#.....#.#.#
#######.#.#
#..@○o{...#
#.#####.###
#.#.....#
#^#.....#
#.#...o.#
#.#.##o... #...
#.#### ### #o#
...


You could see an orc priest.

Vanquished Creatures
  An orc (D:3)
  2 goblins
  2 hobgoblins (D:1)
  A kobold (D:1)
  A ball python (D:1)
  A frilled lizard (D:3)
  A rat (D:2)
9 creatures vanquished.

Notes
Turn   | Place    | Note
-------+----------+-------------------------------------------
     0 | D:1      | Kritake the Human Wanderer began the quest for the Orb.
     0 | D:1      | Kritake set off with the following items: a +0
                  | quarterstaff, a +2 leather armour, a piece from Xom's
                  | chessboard (15/15), a scroll of fog.
     0 | D:1      | Reached XP level 1. HP: 13/13 MP: 1/1
   114 | D:1      | Reached XP level 2. HP: 16/19 MP: 2/2
   211 | D:3      | Found a shimmering blue altar of Sif Muna.
   302 | D:3      | Killed by an exploding orc... ignited by their inner flame

Illustrated notes

Levels and vault maps discovered:
D:1:      dpeg_arrival_tiny_h, layout_loops_ring, chequers_serial_rivers_large_a
D:2:      layout_loops_cross
D:3:      layout_basic, nicolae_sif_muna_condensation

Action                     || total
---------------------------++-------
  Melee: Quarterstaff      ||    27
    Use: Scroll            ||     4
 Armour: Leather armour    ||     7
  Dodge: Dodged            ||    15
